[Event "Titled Tuesday Blitz May 9 Late 2023"]
[White "Kobo, Ori"]
[Black "Altman, Joshua"]
[WhiteFideId "2812320"]
[BlackFideId "426210"]
[WhiteElo "2454"]
[BlackElo "2028"]
[Result "1-0"]
[Round "08"]
[TimeControl "180+2"]
[Date "2023.05.09"]
[WhiteClock "0:00:13"]
[BlackClock "0:00:17"]

1. e4 e6 2. Qe2 Be7 3. Nf3 d5 4. d3 Nf6 5. g3 c5 6. Bg2 Nc6 7. O-O O-O 8. Re1 b6 9. e5 Nd7 10. Nbd2 Bb7 11. Nf1 Qc7 12. h4 Nd4 13. Nxd4 cxd4 14. Bf4 Rac8 15. Rac1 Rfd8 16. Nh2 Nf8 17. h5 h6 18. a3 Re8 19. Qd2 Qd8 20. Nf3 Bc5 21. b4 Be7 22. Nxd4 a5 23. c3 a4 24. Qd1 Qd7 25. Qg4 Kh7 26. Bd2 Ba6 27. Bf1 f5 28. Qf3 Rc7 29. g4 fxg4 30. Qxg4 Kh8 31. Qg3 Qd8 32. Nf3 Nh7 33. Bh3 Bg5 34. Nxg5 Nxg5 35. Bxg5 Qxg5 36. Qxg5 hxg5 37. d4 Rc6 38. Re3 Rec8 39. Rg3 Be2 40. Kg2 Bxh5 41. Rxg5 Bf7 42. Rg3 Rc4 43. Rf3 Kg8 44. Bg4 Rxd4 45. cxd4 Rxc1 46. Kg3 Rc4 47. Rd3 Bg6 48. Bxe6+ Kf8 49. Rf3+ Ke7 50. Bxd5 Rxd4 51. Bc6 Bh5 52. Re3 Bf7 53. Bxa4 Rd2 54. Bc6 Rb2 55. b5 Bc4 56. f4 Ra2 57. Rc3 Be6 58. Rd3 Rb2 59. Re3 Bc4 60. f5 Bxb5 61. Bxb5 Rxb5 62. Kf4 Ra5 63. Rg3 Ra4+ 64. Kg5 Kf7 65. Rc3 Re4 66. Rc7+ Kf8 67. Rc8+ Kf7 68. e6+ Ke7 69. Rc7+ Kd6 70. Rd7+ Kc6 71. Rxg7 Re1 72. Ra7 Kd6 73. Kf6 Rh1 74. Rd7+ Kc6 75. Rd3 Rh6+ 76. Kg7 Rh5 77. f6 Rg5+ 78. Kf7 Rf5 79. e7 Re5 80. e8=Q+ Rxe8 81. Kxe8 b5 82. f7 b4 83. axb4 Kb7 84. f8=Q Ka7 85. Qc5+ Kb7 86. Rd7+ Kb8 87. Qc7+ Ka8 88. Qb7# 1-0


[Site "https://www.chess.com"]

[Event "Titled Tuesday Blitz May 9 Late 2023"]
[White "Hambleton, Aman"]
[Black "Sreyas Payyappat"]
[WhiteFideId "2606577"]
[BlackFideId "46674969"]
[WhiteElo "2511"]
[BlackElo "2043"]
[Result "0-1"]
[Round "08"]
[TimeControl "180+2"]
[Date "2023.05.09"]
[WhiteClock "0:00:00"]
[BlackClock "0:00:11"]

1. d4 Nf6 2. Bf4 c5 3. e3 e6 4. c3 Nc6 5. Nd2 d5 6. Ngf3 Nh5 7. Be5 Nxe5 8. Nxe5 Nf6 9. Ndf3 Bd6 10. Bb5+ Bd7 11. Qb3 Rb8 12. dxc5 Bxe5 13. Nxe5 O-O 14. Nxd7 Nxd7 15. Bxd7 Qxd7 16. O-O Rfc8 17. Qa3 a6 18. Rfd1 Qb5 19. b4 b6 20. cxb6 Rxb6 21. Rac1 Rbc6 22. Qb2 g6 23. Rd2 Rc4 24. Rdc2 e5 25. h3 Qc6 26. a4 d4 27. b5 axb5 28. axb5 Qc5 29. b6 dxc3 30. Qb3 Rb4 31. Qxc3 Qxc3 32. Rxc3 Rxc3 33. Rxc3 Rxb6 34. g4 Kg7 35. g5 h6 36. gxh6+ Kxh6 37. Kg2 Kg5 38. Kg3 f5 39. Rc5 Kf6 40. Ra5 Rb3 41. Ra6+ Kg5 42. Ra5 f4+ 43. Kf3 Kf5 44. Rc5 g5 45. Rd5 Rb4 46. Ra5 Rb3 47. Rc5 Ra3 48. Rb5 Ra1 49. Rb8 e4+ 50. Kg2 f3+ 51. Kh2 Rf1 52. Rb2 g4 53. Rb5+ Kg6 54. hxg4 Rxf2+ 55. Kh3 Re2 56. Rb6+ Kg5 57. Rb5+ Kg6 58. Rb4 Rxe3 59. Kg3 Re1 60. Kf2 Re2+ 61. Kg3 f2 62. Kg2 e3 63. Rb6+ Kg5 64. Rb5+ Kxg4 65. Rb4+ Kf5 66. Rb5+ Ke4 67. Rb4+ Kd5 68. Rb5+ Kc4 69. Rb8 Re1 70. Rc8+ Kd5 71. Rf8 Rg1+ 72. Kf3 f1=Q+ 73. Kxe3 Qxf8 0-1


[Site "https://www.chess.com"]

[Event "Titled Tuesday Blitz May 9 Late 2023"]
[White "Ezat, Mohamed"]
[Black "Tanenbaum, Zachary"]
[WhiteFideId "10600906"]
[BlackFideId "2060850"]
[WhiteElo "2386"]
[BlackElo "2175"]
[Result "1-0"]
[Round "08"]
[TimeControl "180+2"]
[Date "2023.05.09"]
[WhiteClock "0:00:43"]
[BlackClock "0:00:00"]

1. d4 d5 2. c4 dxc4 3. e4 b5 4. a4 c6 5. Nf3 Nf6 6. e5 Nd5 7. axb5 cxb5 8. b3 cxb3 9. Bxb5+ Bd7 10. Qxb3 e6 11. O-O Bxb5 12. Qxb5+ Qd7 13. Qe2 Nc6 14. Nbd2 Be7 15. Ne4 O-O 16. Ba3 a5 17. Bxe7 Qxe7 18. h4 h6 19. Nd6 Qd7 20. Ra4 Nxe5 21. Qxe5 Qxa4 22. Ne4 Qd7 23. Nc5 Qe7 24. Re1 Qf6 25. Qd6 Rfd8 26. Qc6 Ne7 27. Qe4 Nf5 28. Ne5 Rxd4 29. Qxa8+ Kh7 30. Ncd7 Qxh4 31. Nf8+ Kg8 32. Nxe6+ Kh7 33. Nxd4 Qxd4 34. Qe4 Qxe4 35. Rxe4 f6 36. Nf3 Nd6 37. Ra4 g5 38. Rxa5 Kg6 39. Ra6 Nf7 40. Nd4 h5 41. f3 Ne5 42. Ne2 h4 43. Nc3 h3 44. Ne4 hxg2 45. Rxf6+ Kg7 46. Rf5 1-0


[Site "https://www.chess.com"]

[Event "Titled Tuesday Blitz May 9 Late 2023"]
[White "Haszon, David"]
[Black "Vakhlamov, Igor L."]
[WhiteFideId "733610"]
[BlackFideId "24126748"]
[WhiteElo "2210"]
[BlackElo "2407"]
[Result "0-1"]
[Round "08"]
[TimeControl "180+2"]
[Date "2023.05.09"]
[WhiteClock "0:00:02"]
[BlackClock "0:00:07"]

1. d4 d5 2. Bf4 Nf6 3. e3 Bf5 4. Nf3 e6 5. Nbd2 Bd6 6. Ne5 Nbd7 7. c4 O-O 8. Be2 dxc4 9. Bxc4 Ne4 10. O-O Nxe5 11. dxe5 Bxe5 12. Nxe4 Bxf4 13. Nc5 Be5 14. Nd7 Bd6 15. Nxf8 Qh4 16. f4 Rxf8 17. Qf3 Bc5 18. Kh1 c6 19. e4 Bg6 20. Be2 f5 21. e5 Bf7 22. Rad1 Qe7 23. Qd3 h6 24. Qd7 Re8 25. Rd2 g5 26. Qxe7 Rxe7 27. g3 Kf8 28. Rfd1 gxf4 29. gxf4 Be3 30. Rd8+ Re8 31. Rxe8+ Kxe8 32. Rf1 Ke7 33. Kg2 b6 34. Kg3 c5 35. Rf3 Bd4 36. Ra3 a5 37. Rb3 c4 38. Bxc4 Be8 39. Rd3 Bc5 40. b3 Bc6 41. a4 Be4 42. Rd1 Bb4 43. Bb5 Bd5 44. Bd3 Bxb3 45. Rc1 Bc5 46. Bb5 Bd5 47. Kh4 Be3 48. Rf1 Kf7 49. Kh5 Kg7 50. Be2 Bc6 51. Bb5 Bd5 52. Be2 Kh7 53. Bf3 Bb3 54. Rb1 Bxa4 55. Re1 Bf2 56. Rc1 Be8# 0-1


[Site "https://www.chess.com"]

[Event "Titled Tuesday Blitz May 9 Late 2023"]
[White "Nazari, Arad"]
[Black "FoxOnTheRun97"]
[WhiteFideId "12577324"]
[WhiteElo "2175"]
[BlackElo "2526"]
[Result "1-0"]
[Round "08"]
[TimeControl "180+2"]
[Date "2023.05.09"]
[WhiteClock "0:00:06"]
[BlackClock "0:00:02"]

1. e4 c6 2. Nf3 d5 3. Nc3 dxe4 4. Nxe4 Nf6 5. Qe2 Nxe4 6. Qxe4 Qa5 7. b4 Qd5 8. Qe3 Bf5 9. Ne5 e6 10. Bc4 Qxg2 11. Rf1 Qe4 12. a3 Bd6 13. Bb2 Qxc2 14. Bc3 Qe4 15. Rg1 Rg8 16. Rd1 Bxe5 17. Qxe4 Bxe4 18. Bxe5 Bg6 19. h4 Nd7 20. Bc3 Nb6 21. Bb3 Nd5 22. Bd4 f6 23. Bxd5 exd5 24. f4 Kf7 25. Kf2 Rge8 26. Rde1 Re4 27. Rxe4 Bxe4 28. Rc1 Ke6 29. b5 Kd7 30. bxc6+ bxc6 31. Rg1 g6 32. Bxf6 Rb8 33. Rc1 Rb3 34. Rc3 Rb2 35. Ke3 Ra2 36. Bd4 a5 37. Bc5 Rb2 38. d3 Bf5 39. Kd4 Ke6 40. Rc1 Rd2 41. Re1+ Kd7 42. Re7+ Kd8 43. Re3 Rf2 44. Ke5 Rf1 45. Kd6 Rxf4 46. Kxc6 Rxh4 47. Bb6+ Kc8 48. Re8# 1-0


[Site "https://www.chess.com"]

[Event "Titled Tuesday Blitz May 9 Late 2023"]
[White "Kavutskiy, Konstantin"]
[Black "Arabidze, Meri"]
[WhiteFideId "2026384"]
[BlackFideId "13604040"]
[WhiteElo "2323"]
[BlackElo "2405"]
[Result "0-1"]
[Round "08"]
[TimeControl "180+2"]
[Date "2023.05.09"]
[WhiteClock "0:00:35"]
[BlackClock "0:00:59"]

1. d4 Nf6 2. Bg5 d5 3. Nd2 Nbd7 4. e3 h6 5. Bh4 e6 6. Bd3 Be7 7. f4 c5 8. c3 b6 9. Ngf3 Bb7 10. O-O Ne4 11. Bxe7 Qxe7 12. Ne5 O-O 13. Bxe4 dxe4 14. Nxd7 Qxd7 15. dxc5 Qd3 16. Qe1 bxc5 17. Nb3 Qb5 18. Rf2 a5 19. Rc2 a4 20. c4 Qb6 21. Nc1 Rfd8 22. Rb1 Rd7 23. Rd2 Rad8 24. Rxd7 Rxd7 25. Ne2 Bc6 26. Nc3 Qb4 27. Qe2 a3 28. Qc2 Rd3 29. Nb5 axb2 30. h3 Rxe3 31. Rxb2 Qe1+ 32. Kh2 Qg3+ 0-1


[Site "https://www.chess.com"]

[Event "Titled Tuesday Blitz May 9 Late 2023"]
[White "Grinev, Valeriy"]
[Black "Jaracz, Pawel"]
[WhiteFideId "14117517"]
[BlackFideId "1102222"]
[WhiteElo "2366"]
[BlackElo "2438"]
[Result "0-1"]
[Round "08"]
[TimeControl "180+2"]
[Date "2023.05.09"]
[WhiteClock "0:00:06"]
[BlackClock "0:00:20"]

1. e4 e5 2. Nc3 Nf6 3. Nf3 Bb4 4. Nxe5 O-O 5. Bc4 Qe7 6. Nxf7 Rxf7 7. Bxf7+ Qxf7 8. d3 d5 9. O-O Bxc3 10. bxc3 dxe4 11. dxe4 Nc6 12. f3 Be6 13. Bf4 Nh5 14. Be3 Rd8 15. Qe1 Ne5 16. a4 a5 17. Rd1 Re8 18. Qh4 Nc4 19. Bc1 Nf6 20. h3 Bd7 21. Rfe1 Bc6 22. Bg5 Nd7 23. Bf4 Nc5 24. Rd8 Ne6 25. Rxe8+ Qxe8 26. Rd1 Bxa4 27. Bxc7 Bxc2 28. Rd5 a4 29. Bd6 Nxd6 30. Rxd6 a3 31. Rxe6 Qxe6 32. Qd8+ Kf7 33. Qc7+ Qe7 34. Qc4+ Kg6 35. Qa2 Bd3 36. Kh1 b5 37. Kh2 Bc4 38. Kh1 Bxa2 0-1


[Site "https://www.chess.com"]

[Event "Titled Tuesday Blitz May 9 Late 2023"]
[White "Sowa, Ryan"]
[Black "Guz, Ari"]
[WhiteFideId "30901693"]
[BlackFideId "2825759"]
[WhiteElo "2646"]
[BlackElo "2205"]
[Result "0-1"]
[Round "08"]
[TimeControl "180+2"]
[Date "2023.05.09"]
[WhiteClock "0:00:00"]
[BlackClock "0:00:32"]

1. Nf3 g6 2. b3 Bg7 3. d4 Nf6 4. Bb2 O-O 5. g3 b6 6. Bg2 Bb7 7. O-O d6 8. c4 e6 9. Nbd2 Nbd7 10. Qc2 Re8 11. e4 e5 12. d5 a5 13. Ne1 Nc5 14. a3 Qd7 15. Nd3 Nxd3 16. Qxd3 Nh5 17. b4 f5 18. Rfc1 f4 19. c5 bxc5 20. bxc5 Ba6 21. Qc2 Bh6 22. Bc3 fxg3 23. hxg3 Rf8 24. Re1 Qf7 25. Nf1 Nf6 26. Bh3 Bc8 27. Bxc8 Raxc8 28. Qe2 Qd7 29. c6 Qh3 30. Nh2 Nxe4 31. Qxe4 Rxf2 32. Nf1 Rcf8 33. Bxe5 R8f3 34. Qxf3 Rxf3 35. Bxd6 cxd6 36. Re8+ Kf7 37. Rae1 Rxf1+ 38. Rxf1+ Kxe8 0-1


[Site "https://www.chess.com"]

[Event "Titled Tuesday Blitz May 9 Late 2023"]
[White "benny_aizenberg"]
[Black "Santos Flores, Alberto"]
[BlackFideId "3601234"]
[WhiteElo "2646"]
[BlackElo "2235"]
[Result "1-0"]
[Round "08"]
[TimeControl "180+2"]
[Date "2023.05.09"]
[WhiteClock "0:00:17"]
[BlackClock "0:00:13"]

1. f4 c5 2. Nf3 Nc6 3. e4 g6 4. Bc4 Bg7 5. O-O e6 6. Nc3 Nge7 7. d3 d5 8. Bb3 dxe4 9. dxe4 Qxd1 10. Rxd1 O-O 11. Be3 b6 12. e5 Ba6 13. Rd7 Rfd8 14. Rad1 Rxd7 15. Rxd7 Rd8 16. Rc7 Rc8 17. Rxc8+ Bxc8 18. Bc4 Nf5 19. Bf2 Bb7 20. a3 h6 21. Be2 g5 22. g3 gxf4 23. gxf4 Kf8 24. Bd3 Ke7 25. Nd2 f6 26. Bxf5 exf5 27. Nd5+ Ke6 28. exf6 Bxf6 29. Nxf6 Kxf6 30. Kf1 Ke6 31. Ke2 Kd5 32. Kd3 Ba6+ 33. c4+ Ke6 34. b3 Ne7 35. Nb1 Bb7 36. Nc3 Bc6 37. b4 cxb4 38. axb4 a5 39. b5 Be4+ 40. Nxe4 fxe4+ 41. Kxe4 Nc8 42. f5+ Kf7 43. c5 bxc5 44. Bxc5 a4 45. b6 a3 46. b7 a2 47. bxc8=Q a1=Q 48. Qf8# 1-0


[Site "https://www.chess.com"]

[Event "Titled Tuesday Blitz May 9 Late 2023"]
[White "Jonkman, Harmen"]
[Black "TimGrutter03"]
[WhiteFideId "1002708"]
[WhiteElo "2368"]
[BlackElo "2616"]
[Result "0-1"]
[Round "08"]
[TimeControl "180+2"]
[Date "2023.05.09"]
[WhiteClock "0:00:00"]
[BlackClock "0:00:50"]

1. e4 g6 2. Nf3 Bg7 3. Bc4 d6 4. O-O c6 5. Bb3 Nf6 6. Re1 O-O 7. d4 Bg4 8. Nbd2 e5 9. h3 Bxf3 10. Nxf3 Nbd7 11. dxe5 Nxe5 12. Bg5 Qc7 13. Nxe5 dxe5 14. Qf3 Qe7 15. Rad1 h6 16. Be3 a5 17. a4 Rad8 18. Bd2 b6 19. Qg3 Kh7 20. Qc3 c5 21. f3 Nh5 22. Be3 Nf4 23. Bc4 Qg5 24. Bxf4 exf4 25. Qb3 Bd4+ 26. Kh1 Qf6 27. c3 Bf2 28. Rf1 Be3 29. Rd5 Rxd5 30. Bxd5 g5 31. Rd1 h5 0-1


[Site "https://www.chess.com"]

[Event "Titled Tuesday Blitz May 9 Late 2023"]
[White "cristianserban1"]
[Black "Kim, Sergey"]
[BlackFideId "13700570"]
[WhiteElo "2500"]
[BlackElo "2614"]
[Result "0-1"]
[Round "08"]
[TimeControl "180+2"]
[Date "2023.05.09"]
[WhiteClock "0:00:00"]
[BlackClock "0:00:33"]

1. d4 Nf6 2. Bf4 g6 3. Nc3 d6 4. e4 c6 5. Qd2 Qa5 6. Bd3 e5 7. dxe5 dxe5 8. Bh6 Be6 9. Bxf8 Rxf8 10. Nge2 Nbd7 11. a3 Nc5 12. b4 Nxd3+ 13. Qxd3 Qd8 14. Rd1 Qxd3 15. Rxd3 a5 16. O-O Ke7 17. Rb1 axb4 18. axb4 Bc4 19. Rd2 Rfd8 20. Rxd8 Rxd8 21. Ng3 Rd2 22. Rc1 h5 23. Nf1 Bxf1 24. Kxf1 Rd4 25. Rb1 Nxe4 26. Nxe4 Rxe4 27. b5 c5 28. c3 Kd7 29. Ra1 Kc7 30. f3 Re3 31. Ra3 Kb6 32. Kf2 Rd3 33. Ke2 c4 34. h4 Rd5 35. Ra8 Kxb5 36. Rf8 Rd7 37. Re8 Rd5 38. Re7 Kc6 39. Rxf7 Rd3 40. Rf6+ Kd5 41. Rxg6 Rxc3 42. g4 hxg4 43. fxg4 Rh3 44. h5 b5 45. h6 b4 46. g5 b3 47. Rg7 b2 48. Rb7 Rh2+ 49. Kd1 c3 0-1


[Site "https://www.chess.com"]

[Event "Titled Tuesday Blitz May 9 Late 2023"]
[White "MKlose11"]
[Black "Remolar Gallen, Jose"]
[BlackFideId "2215187"]
[WhiteElo "2603"]
[BlackElo "2223"]
[Result "1-0"]
[Round "08"]
[TimeControl "180+2"]
[Date "2023.05.09"]
[WhiteClock "0:00:13"]
[BlackClock "0:00:00"]

1. e4 g6 2. d4 Bg7 3. Nc3 c6 4. Be3 d5 5. e5 Nh6 6. f3 Nf5 7. Bf2 h5 8. Bd3 Na6 9. Nge2 Nb4 10. O-O c5 11. Bb5+ Kf8 12. a3 Nc6 13. f4 Ncxd4 14. Nxd4 Nxd4 15. Bxd4 cxd4 16. Qxd4 e6 17. Rad1 Qe7 18. Ne2 Kg8 19. c4 Bf8 20. cxd5 exd5 21. Kh1 Bg4 22. Rd2 a6 23. Ba4 Rd8 24. Bb3 Qc5 25. Nc3 Be6 26. Rfd1 Qxd4 27. Rxd4 Bc5 28. R4d3 Bg4 29. Rxd5 Rxd5 30. Rxd5 Be7 31. Rd2 Kg7 32. h3 Bf5 33. Bc2 Be6 34. Be4 b5 35. Nd5 Rd8 36. b4 a5 37. Rd3 axb4 38. axb4 Bf8 39. Nc7 Bc4 40. Rxd8 Bxb4 41. Ne8+ Kh7 42. Nf6+ Kg7 43. Rg8+ Kh6 44. g4 hxg4 45. hxg4 1-0


[Site "https://www.chess.com"]

[Event "Titled Tuesday Blitz May 9 Late 2023"]
[White "Kleiman, Jake"]
[Black "Mikhalsky, Vladimir"]
[WhiteFideId "2020041"]
[BlackFideId "14144352"]
[WhiteElo "2599"]
[BlackElo "2236"]
[Result "1-0"]
[Round "08"]
[TimeControl "180+2"]
[Date "2023.05.09"]
[WhiteClock "0:00:40"]
[BlackClock "0:00:18"]

1. e4 g6 2. d4 Bg7 3. Nc3 d6 4. Nf3 a6 5. a4 b6 6. Bd3 Bb7 7. O-O Nd7 8. h3 c5 9. Be3 Ngf6 10. e5 dxe5 11. dxe5 Bxf3 12. exf6 Bxd1 13. fxg7 Rg8 14. Raxd1 Rxg7 15. Be4 Ra7 16. Rd2 e6 17. Rfd1 f5 18. Bc6 Qc8 19. Rd6 Re7 20. Bg5 Rc7 21. Bf3 Ne5 22. Be2 Rcd7 23. Bxe7 Kxe7 24. Rxb6 Rxd1+ 25. Nxd1 a5 26. Rb5 Qc7 27. Ne3 Kf6 28. c3 f4 29. Nc4 Nxc4 30. Bxc4 Qe5 31. Bf1 f3 32. g3 Qe1 33. Rxa5 Qc1 34. Rb5 Qa1 35. a5 c4 36. Rc5 g5 37. g4 Ke7 38. Rxc4 Qxa5 39. Re4 Qa1 40. Re3 Kd6 41. b4 Qd1 42. Rd3+ Qxd3 43. Bxd3 Ke5 44. c4 Kd4 45. c5 Kc3 46. c6 Kxb4 47. c7 1-0


[Site "https://www.chess.com"]

[Event "Titled Tuesday Blitz May 9 Late 2023"]
[White "Gasparyan, David"]
[Black "Ismagilov, Damir"]
[WhiteFideId "13311980"]
[BlackFideId "34199982"]
[WhiteElo "2419"]
[BlackElo "2143"]
[Result "0-1"]
[Round "08"]
[TimeControl "180+2"]
[Date "2023.05.09"]
[WhiteClock "0:01:34"]
[BlackClock "0:01:41"]

1. e4 g6 2. d4 Bg7 3. Nc3 d6 4. Nf3 Bg4 5. Bc4 e6 6. Be3 Nc6 7. d5 Bxf3 8. gxf3 Ne5 9. Be2 Ne7 10. f4 Nd7 11. dxe6 fxe6 12. Bc4 Nc5 13. Bxc5 Bxc3+ 14. bxc3 dxc5 15. Bxe6 Rf8 16. Qg4 Nc6 17. Rd1 Qf6 18. Bd7+ Ke7 19. e5 Nxe5 20. fxe5 Qxf2# 0-1


[Site "https://www.chess.com"]

[Event "Titled Tuesday Blitz May 9 Late 2023"]
[White "Pasti, Aron"]
[Black "Sun, Rick"]
[WhiteFideId "785857"]
[BlackFideId "30909481"]
[WhiteElo "2173"]
[BlackElo "2169"]
[Result "1-0"]
[Round "08"]
[TimeControl "180+2"]
[Date "2023.05.09"]
[WhiteClock "0:01:22"]
[BlackClock "0:00:00"]

1. e4 d6 2. d4 Nf6 3. Nc3 Nbd7 4. Nf3 e5 5. Bc4 Be7 6. O-O O-O 7. Re1 c6 8. a4 Qc7 9. h3 h6 10. Be3 Re8 11. Nh4 Nf8 12. dxe5 dxe5 13. Nf5 Be6 14. Bxe6 Nxe6 15. Qf3 Kh7 16. a5 Bf8 17. g4 Ng5 18. Qg2 g6 19. h4 gxf5 20. hxg5 Nxg4 21. exf5 Nxe3 22. g6+ fxg6 23. fxg6+ Kh8 24. Rxe3 Bg7 25. Ne4 Rf8 26. Ng5 Rf5 27. Nf7+ Kg8 28. Qh3 Qd7 29. Rf3 Rxf3 30. Qxd7 Rf8 31. Qe6 1-0


[Site "https://www.chess.com"]

[Event "Titled Tuesday Blitz May 9 Late 2023"]
[White "Hoffmann, Asa"]
[Black "Vlassov, Nikolai"]
[WhiteFideId "2001470"]
[BlackFideId "4103360"]
[WhiteElo "2117"]
[BlackElo "2324"]
[Result "0-1"]
[Round "08"]
[TimeControl "180+2"]
[Date "2023.05.09"]
[WhiteClock "0:00:33"]
[BlackClock "0:00:38"]

1. d4 Nf6 2. Bg5 e6 3. Nd2 h6 4. Bh4 c5 5. e3 b6 6. Bd3 Bb7 7. Ngf3 g5 8. Bg3 g4 9. Nh4 Rg8 10. c3 Be7 11. Qc2 cxd4 12. exd4 Nd5 13. Ng6 fxg6 14. Bxg6+ Kf8 15. O-O-O Bg5 16. Be4 Qf6 17. Kb1 Nc6 18. Rhf1 Ke7 19. Nc4 Bf4 20. Bxd5 exd5 21. Ne3 Bxe3 22. fxe3 Qg6 23. e4 Raf8 24. Rfe1 Kd8 25. exd5 Qxc2+ 26. Kxc2 Na5 27. d6 Bxg2 28. Re7 Kc8 29. b3 h5 30. Rd2 Bh1 31. c4 Nc6 32. Rh7 Be4+ 33. Kc3 Bxh7 34. d5 Rf3+ 35. Kb2 Nb4 36. a3 Nd3+ 37. Kc3 Re8 38. b4 Nc5+ 39. Kb2 Ne4 40. Rc2 Nxd6 41. Bxd6 Bxc2 42. Kxc2 Re2+ 0-1


[Site "https://www.chess.com"]

[Event "Titled Tuesday Blitz May 9 Late 2023"]
[White "cryptoguru02"]
[Black "Malicka, Maria"]
[BlackFideId "1197576"]
[WhiteElo "2586"]
[BlackElo "2227"]
[Result "1-0"]
[Round "08"]
[TimeControl "180+2"]
[Date "2023.05.09"]
[WhiteClock "0:00:33"]
[BlackClock "0:00:15"]

1. d4 Nf6 2. c4 g6 3. Nc3 Bg7 4. e4 d6 5. Be2 O-O 6. Be3 c5 7. d5 e6 8. Nf3 exd5 9. cxd5 Re8 10. Nd2 a6 11. a4 Nbd7 12. O-O Ne5 13. h3 b6 14. Qc2 Qc7 15. f4 Ned7 16. Rfe1 Rb8 17. Bc4 Qb7 18. Qd3 b5 19. axb5 axb5 20. Bxb5 Nh5 21. Rab1 Qa7 22. Nc4 Bf8 23. b4 Qc7 24. Bxd7 Bxd7 25. bxc5 dxc5 26. e5 Bf5 27. Ne4 Ng3 28. Nf6+ Kh8 29. Nxe8 Rxe8 30. Qc3 Bxb1 31. Bf2 Ne4 32. Qf3 Qb7 33. d6 Rb8 34. Bh4 Qd5 35. Ne3 Qd4 36. Rd1 Bd3 37. Kh2 c4 38. Nxc4 Qxc4 39. Qxd3 Qxd3 40. Rxd3 Nc5 41. Rc3 Ne6 42. d7 Rb7 43. d8=Q Nxd8 44. Bxd8 Kg8 45. Bf6 Rd7 46. Rc8 Rd3 47. Be7 1-0


[Site "https://www.chess.com"]

[Event "Titled Tuesday Blitz May 9 Late 2023"]
[White "Komov, Roman"]
[Black "Itkis, Boris"]
[WhiteFideId "24175714"]
[BlackFideId "1209167"]
[WhiteElo "2189"]
[BlackElo "2216"]
[Result "1-0"]
[Round "08"]
[TimeControl "180+2"]
[Date "2023.05.09"]
[WhiteClock "0:00:34"]
[BlackClock "0:00:09"]

1. Nf3 d5 2. d4 Nf6 3. c4 e6 4. g3 Bb4+ 5. Bd2 a5 6. Bg2 O-O 7. O-O dxc4 8. Qc2 Bxd2 9. Nbxd2 b5 10. a4 c6 11. b3 cxb3 12. Nxb3 b4 13. Ne5 Ba6 14. Rfd1 Nd5 15. Nc5 Nc3 16. Rd2 Ra7 17. e3 Qb6 18. h4 f6 19. Ned3 Nd7 20. Nxe6 Re8 21. Ndf4 Kh8 22. h5 c5 23. h6 Rxe6 24. hxg7+ Kxg7 25. Nxe6+ Qxe6 26. Kh2 Rc7 27. Rh1 cxd4 28. Rxd4 Ne5 29. Be4 Qe7 30. Kg2 Ne2 31. Rxh7+ Kf8 32. Qxc7 Qxc7 33. Rxc7 Nxd4 34. exd4 Nc4 35. Bd3 b3 36. Bxc4 Bxc4 37. Rxc4 b2 38. Rc8+ 1-0


[Site "https://www.chess.com"]

[Event "Titled Tuesday Blitz May 9 Late 2023"]
[White "Bruedigam, Martin"]
[Black "Pavlidou, Ekaterini"]
[WhiteFideId "24608033"]
[BlackFideId "4213262"]
[WhiteElo "2331"]
[BlackElo "2126"]
[Result "1-0"]
[Round "08"]
[TimeControl "180+2"]
[Date "2023.05.09"]
[WhiteClock "0:01:34"]
[BlackClock "0:00:56"]

1. d4 Nf6 2. c4 e6 3. Nc3 Bb4 4. Bd2 O-O 5. Nf3 c5 6. dxc5 Na6 7. g3 Nxc5 8. Bg2 Bxc3 9. Bxc3 Nfe4 10. Bd4 d6 11. O-O e5 12. Be3 Be6 13. b3 a5 14. Qc2 h6 15. Nxe5 Bf5 16. Nd3 Nxd3 17. exd3 Nc5 18. Rad1 Qf6 19. Bxc5 dxc5 20. Bxb7 Rad8 21. Be4 Rd4 22. Bxf5 Qxf5 23. Rfe1 Rfd8 24. Re3 h5 25. Rde1 Kh7 26. Re5 Qg6 27. Qe2 f5 28. Qf3 Rf8 29. Rxc5 Qd6 30. Qxh5+ Kg8 31. Rxf5 Rxd3 32. Rxf8+ 1-0


[Site "https://www.chess.com"]

[Event "Titled Tuesday Blitz May 9 Late 2023"]
[White "Janaszak, Dawid"]
[Black "Sarkar, Justin"]
[WhiteFideId "1119206"]
[BlackFideId "2010011"]
[WhiteElo "2220"]
[BlackElo "2168"]
[Result "0-1"]
[Round "08"]
[TimeControl "180+2"]
[Date "2023.05.09"]
[WhiteClock "0:00:15"]
[BlackClock "0:00:17"]

1. e4 e5 2. Nf3 Nc6 3. d4 exd4 4. Nxd4 Nf6 5. Nxc6 bxc6 6. e5 Qe7 7. Qe2 Nd5 8. h4 a5 9. a3 Ba6 10. c4 a4 11. g3 Nb6 12. Nd2 d5 13. exd6 cxd6 14. Ne4 Nxc4 15. Qc2 d5 16. Bd3 f5 17. Bg5 Qe6 18. O-O fxe4 19. Be2 Bb5 20. Qc3 Qe5 21. Qc1 Bc5 22. Bh5+ g6 23. Bf4 Qxh5 24. Qc3 O-O 25. b3 axb3 26. a4 b2 27. Ra2 Rxa4 28. Rxb2 Nxb2 29. Qxc5 Nd3 30. Qe7 Nxf4 31. Rc1 Ne2+ 32. Kg2 Nxc1 33. Qe6+ Rf7 34. Qe8+ Kg7 0-1


[Site "https://www.chess.com"]

[Event "Titled Tuesday Blitz May 9 Late 2023"]
[White "Martinez, Shawn"]
[Black "tufferguy"]
[WhiteFideId "2039770"]
[WhiteElo "2174"]
[BlackElo "2568"]
[Result "1-0"]
[Round "08"]
[TimeControl "180+2"]
[Date "2023.05.09"]
[WhiteClock "0:00:09"]
[BlackClock "0:00:01"]

1. e4 e6 2. d4 d5 3. Bd3 dxe4 4. Bxe4 Nf6 5. Bf3 Be7 6. Be3 O-O 7. Ne2 Nbd7 8. O-O e5 9. Nbc3 c6 10. Ng3 exd4 11. Bxd4 Bc5 12. Re1 Bxd4 13. Qxd4 Nb6 14. Qh4 Be6 15. Rad1 Nfd5 16. Qxd8 Raxd8 17. Nce4 Nb4 18. c3 Nd3 19. Re2 Ne5 20. Red2 Nxf3+ 21. gxf3 Rxd2 22. Rxd2 Nc4 23. Rd4 Ne5 24. Kg2 Bd5 25. Nf5 Re8 26. Nfd6 Rb8 27. c4 Be6 28. b3 Kf8 29. Nc5 Ke7 30. Ndxb7 g5 31. a4 Ng6 32. Na5 Nf4+ 33. Kf1 Rc8 34. Ke1 h6 35. Nab7 Kf6 36. a5 Ke5 37. Re4+ Kf6 38. a6 Rh8 39. Nd6 Rd8 40. Ncb7 Rd7 41. c5 Nd3+ 42. Ke2 Nxc5 43. Ne8+ Ke7 44. Nxc5 Rd5 45. Nxe6 fxe6 46. Ng7 e5 47. Nf5+ Kf6 48. Nxh6 Ra5 49. Ng4+ Ke6 50. Rxe5+ Rxe5+ 51. Nxe5 Kxe5 52. Ke3 Kd5 53. f4 gxf4+ 54. Kxf4 Kc5 55. h4 Kb4 56. h5 Kxb3 57. h6 c5 58. h7 c4 59. h8=Q c3 60. Qb8+ Kc2 61. Ke3 Kc1 62. Qb3 c2 63. Kd3 Kd1 64. Qxc2+ Ke1 65. Qe2# 1-0


[Site "https://www.chess.com"]

[Event "Titled Tuesday Blitz May 9 Late 2023"]
[White "Bayo Milagro, Alvaro"]
[Black "Roman, Rodrigo"]
[WhiteFideId "22275240"]
[BlackFideId "3701220"]
[WhiteElo "2270"]
[BlackElo "1995"]
[Result "1-0"]
[Round "08"]
[TimeControl "180+2"]
[Date "2023.05.09"]
[WhiteClock "0:00:11"]
[BlackClock "0:00:06"]

1. Nf3 Nf6 2. g3 g6 3. b3 Bg7 4. Bb2 O-O 5. Bg2 b6 6. O-O Bb7 7. c4 c5 8. e3 e6 9. Qe2 Qe7 10. Nc3 Nc6 11. d4 d5 12. cxd5 exd5 13. Rfd1 cxd4 14. Nxd4 Nxd4 15. Rxd4 Rfd8 16. Rad1 Rac8 17. R4d2 Ne4 18. Nxd5 Bxd5 19. Rxd5 Rxd5 20. Rxd5 Nc3 21. Bxc3 Bxc3 22. Bf3 Bf6 23. Kg2 Rd8 24. Qd3 Rxd5 25. Qxd5 Kg7 26. h4 h5 27. Qa8 Qa3 28. Bd5 Qe7 29. a4 Be5 30. Bb7 a5 31. Bd5 Bd6 32. Qc6 Bc5 33. Bc4 Qa7 34. Qf3 Qe7 35. Bd5 Qc7 36. e4 Qe7 37. e5 Bd4 38. e6 fxe6 39. Bc4 Bc5 40. Qe4 e5 41. Qd5 Qf6 42. f3 Bd4 43. Qd7+ Kh6 44. Bg8 Qg7 45. Qd8 e4 46. Qg5# 1-0


[Site "https://www.chess.com"]

[Event "Titled Tuesday Blitz May 9 Late 2023"]
[White "Adewumi, Tanitoluwa"]
[Black "6PackPlayer"]
[WhiteFideId "30966396"]
[WhiteElo "2562"]
[BlackElo "2281"]
[Result "1-0"]
[Round "08"]
[TimeControl "180+2"]
[Date "2023.05.09"]
[WhiteClock "0:00:57"]
[BlackClock "0:00:04"]

1. e4 c6 2. d4 d5 3. exd5 cxd5 4. Bd3 Nc6 5. c3 Qc7 6. Ne2 Bg4 7. O-O Nf6 8. Bg5 e6 9. Qe1 Bxe2 10. Qxe2 Bd6 11. g3 h6 12. Be3 h5 13. Kg2 h4 14. Nd2 Rh5 15. Nf3 O-O-O 16. Bg5 Rdh8 17. Bxh4 Ng4 18. h3 Nh6 19. Rae1 Nf5 20. Bxf5 exf5 21. Bg5 Rxh3 22. Bh4 R3xh4 23. Nxh4 g6 24. Rh1 f4 25. Qg4+ Kb8 26. Nf3 fxg3 27. Rxh8+ 1-0


[Site "https://www.chess.com"]